 Dungeon Crawl Stone Soup version 0.26-a0-651-gb41185065b (webtiles) character file.

Game seed: 1654959820811141205

5 miket3c the Firebug (level 1, 0/14 HPs)
             Began as a Draconian Fire Elementalist on Oct 1, 2020.
             Slain by a leopard gecko (5 damage)
             ... on level 1 of the Dungeon.
             The game lasted 00:00:32 (246 turns).

miket3c the Firebug (Draconian Fire Elementalist)    Turns: 246, Time: 00:00:32

Health: 0/14       AC:  4    Str: 10    XL:     1   Next: 66%
Magic:  1/3        EV: 12    Int: 15    God:
Gold:   0          SH:  0    Dex: 11    Spells: 3/4 levels left

rFire    . . .     SeeInvis .   (no weapon)
rCold    . . .     Faith    .   (no shield)
rNeg     . . .     Spirit   .   (armour unavailable)
rPois    .         Reflect  .   (helmet restricted)
rElec    .         Harm     .   (no cloak)
rCorr    .         Rampage  .   (no gloves)
MR       .....                  (no boots)
Stlth    ++........             (no amulet)
HPRegen  0.04/turn              (no ring)
MPRegen  0.08/turn              (no ring)

@: no status effects
A: unfitting armour, cold-blooded, AC +4
a: no special abilities


You were on level 1 of the Dungeon.
You visited 1 branch of the dungeon, and saw 1 of its levels.

You aren't carrying anything.


   Skills:
 + Level 1.7 Dodging
 + Level 1.7 Stealth
 + Level 2.0 Spellcasting
 + Level 1.0 Conjurations
 + Level 3.4 Fire Magic


You had 3 spell levels left.
You knew the following spells:

 Your Spells              Type           Power        Failure   Level
a - Foxfire               Conj/Fire      #...         9%          1

Your spell library contained the following spells:

 Spells                   Type           Power        Failure   Level
 Conjure Flame            Conj/Fire      #.......     26%         3
 Inner Flame              Hex/Fire       #.......     32%         3
 Sticky Flame             Conj/Fire      #.......     65%         4
 Fireball                 Conj/Fire      #.........   94%         5


Dungeon Overview and Level Annotations

Branches:
Dungeon (1/15)

Altars:


Innate Abilities, Weirdness & Mutations

Your plain brown scales are hard. (AC +4)
You cannot fit into any form of body armour.
You are cold-blooded and may be slowed by cold attacks.


Message History

Nothing appears to happen.
The leopard gecko bites you.
Casting: Foxfire (safe; 9% risk of failure)
Confirm with . or Enter, or press ? or * to list all spells.
You don't have enough magic to cast that spell.
The leopard gecko bites you but does no damage.
You barely miss the leopard gecko. The leopard gecko misses you.
You hit the leopard gecko but do no damage.
The leopard gecko bites you but does no damage.
You barely miss the leopard gecko. The leopard gecko misses you.
The leopard gecko hisses menacingly.
The leopard gecko bites you.
You closely miss the leopard gecko.
Your tail-slap misses the leopard gecko.
The leopard gecko bites you.
Your magical contamination has completely faded away.
You barely miss the leopard gecko.
Your tail-slap misses the leopard gecko.
The leopard gecko bites you.
You die... .#..#w#..8#.#.......# [#..#b#.....##.....## .#..#h#..8#####...## # .#..#D#...# ##'## #.##.# <#..###..## #.# #####..... ## ...8# ####.# #.PPPP#

l#
.....####....###P$$$P#
.#
.8.8.###.......##P$$$P#
.# .....
###...@l..P$$$.# .#
##......P.P..##.#
#.#.#..........#
#.......########
#########


You could see a leopard gecko.

Vanquished Creatures
  A dart slug (D:1)
  2 hobgoblins (D:1)
3 creatures vanquished.

Vanquished Creatures (others)
  12 foxfires (D:1)
  5 toadstools (D:1)
17 creatures vanquished.

Grand Total: 20 creatures vanquished

Notes
Turn   | Place    | Note
-------+----------+-------------------------------------------
     0 | D:1      | miket3c the Draconian Fire Elementalist began the quest for
                  | the Orb.
     0 | D:1      | Reached XP level 1. HP: 14/14 MP: 3/3
     6 | D:1      | Noticed a crocodile
     6 | D:1      | Noticed a hog
     6 | D:1      | Noticed a six-headed hydra
   246 | D:1      | Slain by a leopard gecko

Illustrated notes

Levels and vault maps discovered:
D:1:      onia_arrival_zoo_common, layout_loops_corners,
          minmay_gold_behind_fungi

Action                   || total
-------------------------++-------
Melee: Unarmed           ||    10
 Cast: Foxfire           ||     7
Armor: Skin              ||     2
Dodge: Dodged            ||     2

Table legend: (Time is in decaauts)
 A = Elapsed time spent in this place.
 B = Non-inter-level travel time spent in this place.
 C = Inter-level travel time spent in this place.
 D = Time resting spent in this place.
 E = Time spent auto-exploring this place.
 F = Levels seen in this place.
 G = Mean time per level.
                   A        B        C        D        E       F      G
               +--------+--------+--------+--------+--------+-----+--------+
         Total |    246 |    246 |      0 |    143 |     56 |   1 |  246.0 |
       Dungeon |    246 |    246 |      0 |    143 |     56 |   1 |  246.0 |
               +--------+--------+--------+--------+--------+-----+--------+

Top non-repeatable levels by time:
     D:1: 246 daAuts
